 Dungeon Crawl Stone Soup version bcrawl-1.12-11-gb93c957c58 (webtiles) character file.

Game seed: 15819174755337028466

10409 Tinylith the Arsonist (level 11, -2/72 HPs)
             Began as a Fairy Fire Elementalist on July 9, 2019.
             Was an Elder of Elyvilon.
             Killed by divine providence
             ... invoked by a smoke demon
              (13 damage)
             ... in a volcano on July 10, 2019.
             The game lasted 00:50:54 (10186 turns).

Tinylith the Arsonist (Fairy Fire Elementalist)    Turns: 10186, Time: 00:50:55

Health: -2/72      AC:  8    Str:  6    XL:     11   Next: 61%
Magic:  24/24      EV: 21    Int: 22    God:    Elyvilon [****..]
Gold:   819        SH: 14    Dex: 13    Spells: 6/25 levels left

rFire    + . .     SeeInvis .   a - +1 scimitar
rCold    . . .     Gourm    .   e - +1 buckler
rNeg     . . .     Faith    .   (armour unavailable)
rPois    .         Spirit   .   (no helmet)
rElec    .         Reflect  .   (no cloak)
rCorr    .         Harm     .   C - +0 pair of gloves
MR       +....                  z - +0 pair of boots
Stlth    +.........             y - amulet of magic regeneration
HPRegen  0.22/turn              x - ring of wizardry
MPRegen  0.44/turn              i - ring of protection from fire

@: flying evasively, very slightly contaminated
A: small, magic attunement, unstealthy, unfitting armour, able to fly, AC/SH +6
a: Stop Flying, Lesser Healing, Heal Other, Purification, Greater Healing,
Divine Protection, Renounce Religion


You were in a volcano.
You worshipped Elyvilon.
Elyvilon was greatly pleased with you.
You were not hungry.

You visited 3 branches of the dungeon, and saw 11 of its levels.
You also visited: Volcano.

You collected 861 gold pieces.
You spent 42 gold pieces at shops.

Inventory:

Hand Weapons
 a - a +1 scimitar (weapon)
Missiles
 h - 3172 stones (quivered)
Armour
 e - a +1 buckler (worn)
 z - a +0 pair of boots (worn)
 C - a +0 pair of gloves (worn)
Jewellery
 c - a +4 amulet of reflection {unknown}
 i - a ring of protection from fire (right hand)
 x - a ring of wizardry (left hand)
 y - an amulet of magic regeneration (around neck)
 E - an uncursed ring of ice
 H - a +3 ring of protection {unknown}
Wands
 m - a wand of iceblast (18)
Scrolls
 f - 2 scrolls of enchant weapon
 k - a scroll of blinking
 l - 7 scrolls of remove curse
 n - 2 scrolls of teleportation
 r - a scroll of amnesia
 v - 3 scrolls of enchant armour
 B - a scroll of torment {unknown}
 F - a scroll of noise {unknown}
Potions
 d - 2 potions of magic
 g - 2 potions of cancellation
 j - a potion of agility
 o - 2 potions of heal wounds
 q - 3 potions of mutation
 s - 2 potions of lignification
 u - 2 potions of haste
 w - 5 potions of curing
 D - a potion of brilliance
Miscellaneous
 G - a fan of gales
Comestibles
 A - 12 rations {!d}


   Skills:
 + Level 5.2 Fighting
 + Level 1.6 Long Blades
 + Level 8.3 Dodging
 - Level 1.5 Stealth
 - Level 6.0 Shields
 + Level 7.6 Spellcasting
 * Level 10.2 Conjurations
 * Level 10.7 Fire Magic
 * Level 5.2 Poison Magic
 + Level 4.1 Invocations
 + Level 1.5 Evocations


You had 6 spell levels left.
You knew the following spells:

 Your Spells              Type           Power        Failure   Level  Hunger
a - Flame Tongue          Conj/Fire      #####        1%          1    None
b - Fireball              Conj/Fire      ######....   1%          5    None
c - Conjure Flame         Conj/Fire      ######..     1%          3    None
p - Poison Arrow          Conj/Pois      #####.....   21%         6    None
s - Sticky Flame          Conj/Fire      ######..     1%          4    None

Your spell library contained the following spells:

 Spells                   Type           Power        Failure   Level  Hunger
 Inner Flame              Hex/Fire       N/A          1%          3    None
 Iskenderun's Battlesphe  Conj/Chrm      ####....     11%         5    None
 Iron Shot                Conj/Erth      ####......   47%         6    None
 Orb of Destruction       Conj           ######....   36%         7    None
 Spellforged Servitor     Conj/Summ      ####......   95%         7    None


Dungeon Overview and Level Annotations

Branches:
Dungeon (8/12)             Temple (1/1) D:5            Lair (2/6) D:8
  Swamp: Lair:2-4    Shoals: Lair:2-4     Snake: Lair:2-4    Spider: Lair:2-4
    Orc: D:8-11

Altars:
Ashenzari
Cheibriados
Dithmenos
Elyvilon
Fedhas
Gozag
Hepliaklqana
Kikubaaqudgha
Makhleb
Nemelex Xobeh
Okawaru
Qazlal
Sif Muna
Trog
Vehumet
Wu Jian
Xom
Yredelemnul
Zin
The Shining One

Shops:
D:6 [


Innate Abilities, Weirdness & Mutations

Your spells do not cause hunger and MP costs are reduced by 1.
Your bright wings attract enemies. (Stealth-)
You cannot fit into any form of body armour.
Your shimmering scales are hard and can block incoming attacks. (AC +6, SH +6)
You are small and have problems with some larger weapons.
You can fly continuously.


Message History

Okay, then.
You feel less confused.
The red ugly thing is engulfed in noxious fumes.
The red ugly thing bites you!
You are engulfed in flames.
You resist. Magic courses through your body.
The red ugly thing is engulfed in noxious fumes.
The red ugly thing appears confused.
The red ugly thing bites you!
You are engulfed in flames!
You resist.
* * * LOW HITPOINT WARNING * * *
You beseech Elyvilon to protect your life.
You block the red devil's attack.
There is an open door here.
The smoke demon gestures at you. Something smites you!
* * * LOW HITPOINT WARNING * * *
The red ugly thing seems less confused.
Your divine protection fades away.
The smoke demon gestures at you. Something smites you!
You die...

≈§§≈§§≈≈≈≈≈§§§≈≈.≈.§§≈§u§≈.≈.≈§§≈
§§≈≈≈≈≈≈≈≈≈§§.≈§≈≈≈≈§§≈§≈≈§≈≈≈§≈≈
..≈≈≈≈≈≈≈≈≈§≈§≈≈≈§§§≈≈§§≈≈§§§≈§≈≈
.....≈≈≈≈≈≈§§§≈§≈≈≈≈≈§≈§≈≈§≈≈≈§§≈
........≈≈§§§§≈≈≈≈§§§≈≈§≈≈.§§≈≈≈≈
..........≈§§≈≈§≈≈≈§§§§§.....§≈§≈
#...........§§.≈.≈§≈3§........§§≈
#######...........§..§....##.....
####......@.4.....#######..
#####.##.##.#### ##. ######### ##


You could see a smoke demon and a red devil.

Vanquished Creatures
  A hydra (Lair:1)
  2 ugly things
  A manticore (D:6)
  2 cane toads (Lair:1)
  A kobold demonologist (D:6)
  A komodo dragon (D:6)
  Prince Ribbit (D:8)
  2 hippogriffs
  A slime creature (D:7)
  Sigmund (D:4)
  2 fire bats (Volcano)
  Eustachio (D:4)
  5 basilisks
  A hungry ghost (D:8)
  6 porcupines
  An orc warrior (D:5)
  2 phantoms (D:4)
  2 sky beasts
  3 black bears
  4 ogres
  A centaur (D:5)
  A necrophage (D:7)
  7 wolves
  A big kobold (D:7)
  4 crocodiles (D:8)
  6 bullfrogs
  3 scorpions
  9 killer bees
  8 lava snakes (Volcano)
  A howler monkey (D:7)
  A bullfrog zombie (D:6)
  4 hounds
  A quasit (D:7)
  4 crimson imps
  4 jellies
  5 bullfrog skeletons
  A gnoll shaman (D:5)
  2 orc priests
  2 iguanas
  5 orc wizards
  7 worker ants
  A killer bee zombie (D:6)
  A hound zombie (D:5)
  3 worker ant zombies
  10 adders
  12 gnolls
  A howler monkey skeleton (D:7)
  2 shadow imps
  4 oozes
  3 adder zombies
  4 worms
  A dart slug (D:2)
  5 leopard geckos
  22 orcs
  3 bats (D:2)
  3 giant cockroaches
  9 goblins
  10 hobgoblins
  21 jackals
  6 kobolds
  5 quokkas
  4 frilled lizards
  8 rats
255 creatures vanquished.

Vanquished Creatures (others)
  2 plants (D:8)
2 creatures vanquished.

Grand Total: 257 creatures vanquished

Notes
Turn   | Place    | Note
-------+----------+-------------------------------------------
     0 | D:1      | Tinylith the Fairy Fire Elementalist began the quest for
                  | the Orb.
     0 | D:1      | Reached XP level 1. HP: 11/11 MP: 6/6
   136 | D:1      | Reached XP level 2. HP: 17/17 MP: 7/7
   581 | D:1      | Reached XP level 3. HP: 22/22 MP: 9/9
   671 | D:1      | Learned a level 3 spell: Conjure Flame
   677 | D:1      | Reached skill level 1 in Shields
   803 | D:2      | Found a burning altar of Makhleb.
   803 | D:2      | Found an iron altar of Okawaru.
  1153 | D:2      | Reached XP level 4. HP: 27/27 MP: 10/10
  1226 | D:2      | Learned a level 4 spell: Sticky Flame
  1231 | D:2      | Found an opulent altar of Gozag.
  1457 | D:2      | Reached skill level 1 in Fighting
  1546 | D:3      | Noticed a sky beast
  1556 | D:3      | Killed a sky beast
  1556 | D:3      | Reached XP level 5. HP: 33/33 MP: 4/12
  1896 | D:3      | Reached skill level 5 in Fire Magic
  1902 | D:3      | Reached XP level 6. HP: 38/38 MP: 10/13
  2667 | D:4      | Noticed a phantom
  2688 | D:4      | Killed a phantom
  2754 | D:4      | Noticed Eustachio
  2765 | D:4      | Reached XP level 7. HP: 33/45 MP: 10/15
  2774 | D:4      | Killed Eustachio
  3090 | D:4      | Learned a level 5 spell: Fireball
  3307 | D:4      | Noticed Sigmund
  3316 | D:4      | Killed Sigmund
  3316 | D:4      | Reached skill level 5 in Conjurations
  3469 | D:4      | Reached XP level 8. HP: 51/51 MP: 9/16
  3735 | D:5      | Entered Level 5 of the Dungeon
  4126 | D:5      | Noticed a cyan ugly thing
  4152 | D:5      | Killed a cyan ugly thing
  4152 | D:5      | Reached skill level 5 in Dodging
  4152 | D:5      | Reached skill level 5 in Shields
  4152 | D:5      | Reached skill level 5 in Spellcasting
  4443 | D:5      | Reached XP level 9. HP: 56/56 MP: 14/18
  5219 | D:5      | Found a staircase to the Ecumenical Temple.
  5227 | Temple   | Entered the Ecumenical Temple
  5302 | Temple   | Became a worshipper of Elyvilon the Healer
  5684 | D:6      | Found a radiant altar of Vehumet.
  5784 | D:6      | Found Bezi's Armour Shoppe.
  5792 | D:6      | Bought a cursed +0 pair of boots for 42 gold pieces
  5947 | D:6      | Reached skill level 1 in Invocations
  5967 | D:6      | Reached * piety under Elyvilon
  5972 | D:6      | Found a large runed door.
  5972 | D:6      | Found a large runed door.
  5990 | D:6      | Noticed a manticore
  5998 | D:6      | Killed a manticore
  6145 | D:6      | Found a large runed door.
  6145 | D:6      | Found a large runed door.
  6146 | D:6      | Noticed a komodo dragon
  6146 | D:6      | Noticed a kobold demonologist
  6228 | D:6      | Reached XP level 10. HP: 63/63 MP: 17/21
  6557 | D:6      | Killed a kobold demonologist
  6624 | D:6      | Learned a level 6 spell: Poison Arrow
  6782 | D:7      | Reached skill level 1 in Poison Magic
  7038 | D:7      | Reached ** piety under Elyvilon
  7925 | D:8      | Noticed Prince Ribbit
  7933 | D:8      | Killed Prince Ribbit
  8018 | D:8      | Reached skill level 10 in Fire Magic
  8316 | D:8      | Reached XP level 11. HP: 70/70 MP: 19/23
  8317 | D:8      | Found a staircase to the Lair.
  8465 | D:8      | Reached *** piety under Elyvilon
  8744 | Lair:1   | Entered Level 1 of the Lair of Beasts
  8775 | Lair:1   | Reached skill level 5 in Fighting
  8941 | Lair:1   | Noticed a seven-headed hydra
  8948 | Lair:1   | Killed a seven-headed hydra
  8948 | Lair:1   | Reached skill level 1 in Long Blades
  9315 | Lair:1   | Reached skill level 10 in Conjurations
  9315 | Lair:1   | Reached skill level 1 in Evocations
  9463 | Lair:1   | Reached skill level 5 in Poison Magic
  9720 | Lair:2   | Reached **** piety under Elyvilon
  9737 | Lair:2   | Found a dark tunnel.
  9746 | Volcano  | Entered a volcano
 10159 | Volcano  | Found a bloodstained altar of Trog.
 10159 | Volcano  | Noticed a red ugly thing
 10159 | Volcano  | Noticed a red ugly thing
 10166 | Volcano  | Killed a red ugly thing
 10186 | Volcano  | Killed from afar by a smoke demon

Skill      XL: |  1  2  3  4  5  6  7  8  9 10 11 |
---------------+----------------------------------+-----
Conjurations   | 2 3 4 5 6 8 9 10 | 10.2
Fire Magic     | 4 5 6 7 8 10 | 10.7
Dodging        | 3 4 5 6 7 8 |  8.3
Shields        | 1 2 3 5 6 |  6.0
Spellcasting   | 3 4 5 6 7 |  7.6
Fighting       | 1 2 3 4 5 |  5.2
Invocations    | 1 3 4 |  4.1
Poison Magic   | 3 5 |  5.2
Long Blades    | 1 |  1.6
Evocations     | 1 |  1.5
Stealth        | |  1.5

Action                   |  1- 3 |  4- 6 |  7- 9 | 10-12 || total
-------------------------+-------+-------+-------+-------++-------
Melee: Mace              |       |    14 |     3 |       ||    17
       Whip              |       |       |    48 |    10 ||    58
       Scimitar          |       |       |       |    52 ||    52
Throw: Stone             |     3 |    12 |     1 |       ||    16
 Cast: Flame Tongue      |    61 |   103 |   171 |   147 ||   482
       Conjure Flame     |     1 |     6 |     4 |     2 ||    13
       Sticky Flame      |       |     2 |    45 |    55 ||   102
       Fireball          |       |       |     5 |     9 ||    14
       Poison Arrow      |       |       |       |    17 ||    17
Invok: Divine Protection |       |       |       |     1 ||     1
Evoke: Wand              |       |     1 |     2 |       ||     3
  Use: Scroll            |       |     5 |     6 |     9 ||    20
       Potion            |       |     1 |       |     2 ||     3
  Eat: Chunk             |     1 |     4 |    11 |     8 ||    24
       Ration            |       |       |       |     2 ||     2
Armor: Skin              |     3 |     3 |    19 |     9 ||    34
Dodge: Dodged            |     9 |    25 |    73 |    79 ||   186
Block: Buckler           |     8 |    18 |    81 |    98 ||   205
